Map: Overgrowth LE (Void)

Players

peca - Winner!

  • Race: Zerg Zerg
  • League: Gold
  • Spawn Location: 7:00

Amix

  • Race: Zerg Zerg
  • Spawn Location: 1:00

VOD

Have the link to the VOD?

Description

Time

  • Played on: Nov. 28, 2016, 9:32 a.m.
  • Length: 15:58
Show
View Real Time Build Order
Export as new Build Order

peca Zerg - Winner!

Build Orders: Pool First 

Get SALT Encoding   

  12  0:02  Drone  
  13  0:17  Drone  
  14  0:22  Drone, Extractor  
  15  0:32  Spawning Pool  
  14  0:38  Extractor  
  14  0:39  Drone  
  14  0:44  Overlord  
  15  1:04  Drone x3  
  17  1:18  Drone  
  18  1:19  Queen  
  20  1:26  Zergling x2  
  21  1:36  Overlord  
  21  1:47  Drone  
  22  1:55  Queen  
  24  2:13  Spine Crawler  
  22  2:18  Zergling x4  
  24  2:32  Spine Crawler  
  23  2:51  Spine Crawler, Zergling x8  
  26  3:23  Zergling x4  
  25  3:33  Zergling x2  
  24  3:44  Drone  
  24  3:46  Lair  
  24  3:47  Extractor  
  24  3:54  Spine Crawler  
  23  3:57  Spine Crawler  
  21  4:10  Drone x2  
  21  4:11  Drone  
  22  4:35  Drone x2  
  15  5:42  Zergling x10  
  20  5:43  Zergling x4  
  22  5:53  Spine Crawler  
  22  5:56  Spine Crawler  
  20  5:57  Spine Crawler  
  19  6:05  Metabolic Boost  
  12  6:44  Drone x3  
  12  6:45  Drone x2  
  17  6:47  Queen  
  19  6:56  Spine Crawler  
  18  7:14  Zergling x2  
  18  7:15  Zergling x2  
  20  7:20  Drone  
  19  8:01  Drone x2  
  19  8:03  Drone x3  
  24  8:25  Drone x3  
  27  8:30  Spire  
  26  8:37  Zergling x6  
  29  8:51  Zergling x2  
  29  9:20  Overlord x2  
  29  9:21  Overlord  
  24  9:44  Mutalisk x2  
  24  9:45  Spine Crawler  
  27  9:55  Zergling x6  
  30  10:02  Zergling x2  
  31  10:21  Mutalisk x2  
  35  10:45  Drone x2  
  37  10:53  Mutalisk x2  
  37  10:55  Zergling x4  
  43  11:06  Drone  
  44  11:12  Mutalisk  
  46  11:22  Drone, Mutalisk  
  46  11:23  Drone  
  50  11:28  Drone  
  51  12:07  Hatchery  
  50  12:15  Spine Crawler x2  
  48  12:17  Spine Crawler  
  48  12:21  Mutalisk x2  
  51  12:37  Mutalisk  
  53  13:00  Zergling x2  
  53  13:01  Overlord x3  
  54  13:22  Mutalisk x2  
  54  13:25  Mutalisk  
  60  13:34  Zergling x2  
  60  13:35  Zergling x2  
  60  13:37  Zergling x2  
  63  13:51  Mutalisk x2  
  67  13:55  Drone  
  67  13:57  Drone  
  69  14:16  Drone x4  
  74  14:17  Drone x2  
  75  14:32  Queen  
  75  14:33  Drone x2  
  75  14:35  Zergling x2  
  75  14:37  Zergling x2  
  81  14:39  Zergling x2  
  82  15:16  Mutalisk  
  82  15:19  Overlord x3  
  82  15:20  Overlord x2  
  84  15:31  Extractor  
Show
View Real Time Build Order
Export as new Build Order

Amix Zerg 

Build Orders: Pool Only, Zergling Baneling 

Get SALT Encoding   

  12  0:01  Drone  
  13  0:22  Spawning Pool  
  13  0:26  Drone  
  13  0:31  Drone  
  13  0:35  Extractor  
  13  0:39  Drone  
  14  0:45  Overlord  
  14  1:10  Zergling x6  
  17  1:18  Queen  
  17  1:21  Zergling x2  
  20  1:31  Zergling x2  
  21  1:40  Metabolic Boost  
  21  1:42  Overlord  
  21  1:53  Zergling x2  
  22  2:00  Baneling Nest  
  21  2:13  Zergling x2  
  21  2:27  Zergling x4  
  21  2:28  Zergling x6  
  26  2:48  Zergling x2  
  26  2:49  Zergling x2  
  27  3:12  Baneling  
  27  3:13  Baneling x5  
  27  3:16  Zergling x4  
  27  3:17  Overlord  
  21  3:38  Zergling x4  
  23  3:45  Queen  
  24  4:15  Zergling x12  
  29  4:34  Zergling x2  
  29  4:36  Baneling  
  29  4:37  Baneling x4  
  30  4:48  Zergling x8  
  31  5:06  Zergling x2  
  29  5:14  Zergling x2  
  19  5:45  Zergling x10  
  23  5:54  Baneling  
  23  5:55  Baneling, Queen  
  24  6:31  Queen  
  23  6:41  Zergling x14  
  29  6:58  Zergling x2  
  29  7:05  Baneling  
  29  7:09  Overlord  
  25  7:40  Zergling x10  
  26  7:52  Lair  
  26  7:56  Zergling x2  
  26  7:57  Zergling x2  
  28  8:07  Drone  
  29  8:22  Zergling x8  
  33  8:32  Zergling x2  
  33  8:43  Baneling x2  
  33  8:44  Baneling x2  
  33  8:47  Drone  
  32  9:03  Baneling x10  
  25  9:31  Zergling x12  
  30  9:42  Zergling x2  
  30  9:49  Evolution Chamber  
  29  9:57  Zergling x6  
  32  10:01  Pneumatized Carapace  
  32  10:03  Overlord  
  25  10:31  Spine Crawler  
  25  10:35  Zergling x6  
  24  10:44  Queen  
  24  10:45  Zerg Melee Weapons Level 1  
  26  11:03  Overlord  
  26  11:26  Zergling x6  
  26  11:27  Zergling x2  
  30  11:45  Zergling x2  
  30  11:53  Overlord  
  30  11:56  Overlord  
  30  12:02  Queen  
  30  12:10  Overlord  
  30  12:27  Zergling x2  
  31  13:04  Zergling x2  
  31  13:05  Zergling x10  
  37  13:14  Zergling x4  
  39  13:23  Overseer  
  39  14:06  Queen  
  36  14:27  Drone  
  36  14:28  Drone x6  
  43  14:33  Overlord  
  43  14:35  Overlord  
  43  14:50  Drone  
  44  14:59  Queen  
  46  15:06  Baneling  
  46  15:07  Baneling x2  
  46  15:08  Baneling  
Tags
 
Add a new tag
Caveats
  • Supply blocks, unpowered buildings, or Contaminate may cause inaccurate times.
  • Supply counts are checked every 10 seconds.